 Dungeon Crawl Stone Soup version 0.30.0-15-g856e2d3f33 (webtiles) character file.

Game seed: 18285199152865827240

1360 jtron the Grave Robber (level 8, 0/37 HPs)
             Began as a Vine Stalker Necromancer on May 19, 2023.
             Succumbed to a water moccasin's poison
             ... on level 5 of the Dungeon.
             The game lasted 00:23:27 (5008 turns).

jtron the Grave Robber (Vine Stalker Necromancer)   Turns: 5008, Time: 00:23:28

Health: 0/37       AC:  3    Str: 12    XL:     8   Next: 64%
Magic:  7/18       EV: 13    Int: 23    God:
Gold:   265        SH:  0    Dex: 17    Spells: 5/19 levels left

rFire   + . .        a - +10 hammer of Honour {freeze, Dex+3}
rCold   . . .        (no shield)
rNeg    . . .        l - +1 robe {rF+}
rPois   .            (no helmet)
rElec   .            (no cloak)
rCorr   .            (no gloves)
SInv    .            (no boots)
Will    +....        m - amulet of regeneration
Stlth   +++          c - +6 ring of intelligence
HPRegen 1.86/turn    (no ring)
MPRegen 0.16/turn

%: guardian spirit
@: lethally poisoned (0 -> -1)
A: fangs 3, regeneration 1, magic shield, antimagic bite, no potion heal 2
a: no special abilities


You were on level 5 of the Dungeon.
You visited 1 branch of the dungeon, and saw 6 of its levels.
You also visited: Sewer.

You collected 265 gold pieces.

Inventory:

Hand Weapons
 a - the +10 hammer of Honour (weapon) {freeze, Dex+3}
   (You found it on level 2 of the Dungeon)

   Dex:       It affects your dexterity (+3).
 b - a +1 sling
 e - a +0 dagger of flaming
 r - a +0 mace of protection
Missiles
 s - 25 stones
Armour
 l - a +1 robe of fire resistance (worn)
 o - an orb of energy
Magical Staves
 p - a staff of cold
Jewellery
 c - a +6 ring of intelligence (left hand)
 m - an amulet of regeneration (around neck)
Wands
 u - a wand of flame (45)
 x - a wand of iceblast (10)
Scrolls
 d - 3 scrolls of teleportation
 i - a scroll of immolation
 k - 2 scrolls of fog
 n - a scroll of fear
 w - a scroll of poison {unknown}
 y - 2 scrolls of blinking
Potions
 f - 2 potions of mutation
 g - a potion of ambrosia
 h - 3 potions of lignification
 j - a potion of cancellation
 q - a potion of magic
 t - a potion of haste
 v - a potion of brilliance {unknown}
 z - a potion of heal wounds
 A - a potion of curing {unknown}


   Skills:
 + Level 1.1 Fighting
 + Level 0.7 Short Blades
 * Level 3.7 Maces & Flails
 + Level 2.5 Dodging
 + Level 3.7 Stealth
 * Level 6.0 Spellcasting
 - Level 2.0 Conjurations
 + Level 6.2 Necromancy
 + Level 3.0 Ice Magic
 + Level 0.4 Evocations


You had 5 spell levels left.
You knew the following spells:

 Your Spells              Type           Power      Damage    Failure   Level
a - Necrotise             Necr           100%       1d9       1%          1
b - Vampiric Draining     Necr           35%        2d8       1%          3
c - Animate Dead          Necr           35%        N/A       7%          4
d - Frozen Ramparts       Ice            40%        1d7       8%          3
e - Hailstorm             Conj/Ice       18%        3d6       9%          3

Your spell library contained the following spells:

 Spells                   Type           Power      Damage    Failure   Level
 Freeze                   Ice            80%        1d9       2%          1
 Agony                    Necr           35%        N/A       19%         5
 Cause Fear               Hex            3%         N/A       63%         4
 Dragon Form              Tmut           3%         N/A       100%        7
 Dragon's Call            Summ           3%         N/A       100%        9


Dungeon Overview and Level Annotations

Branches:
Dungeon (6/15)              Sewer (visited)
 Temple: D:4-7

Altars:
Qazlal


Innate Abilities, Weirdness & Mutations

You have razor-sharp teeth.
Your natural rate of healing is unusually fast.
When hurt, damage is shared between your health and your magic reserves.
Your bite disrupts and absorbs the magic of your enemies.
Potions cannot restore your health.


Message History

A hound comes into view.
The water moccasin barely misses you.
The centaur shoots an arrow.
The arrow hits you!
You feel very sick.
The centaur shoots an arrow.
The arrow barely misses you.
The arrow barely misses the water moccasin.
There is a stone staircase leading up here.
You feel very sick.
The centaur shoots an arrow.
The arrow completely misses you. The water moccasin bites you.
You are lethally poisoned!
The water moccasin poisons you!
The centaur shoots an arrow.
The arrow closely misses you.
You climb upwards.
* * * LOW HITPOINT WARNING * * *
You feel extremely sick.
There is a stone staircase leading down here.
It was a potion of heal wounds.
That seemed strangely inert.
* * * LOW HITPOINT WARNING * * *
You feel very sick. The water moccasin misses you.
The water moccasin bites you.
You cannot be healed by potions.
You hit the water moccasin.
The water moccasin seems to slow down.
You freeze the water moccasin. Your bite misses the water moccasin.
The water moccasin is almost dead.
* * * LOW HITPOINT WARNING * * *
You feel very sick. The water moccasin bites you.
You sock the water moccasin! You freeze the water moccasin.
You kill the water moccasin!
* * * LOW HITPOINT WARNING * * *
You feel very sick.
Training target 2.0 for Conjurations reached!
Your Spellcasting skill increases to level 6!
Your Conjurations skill increases to level 2!
There is a lethal amount of poison in your body!
There is a lethal amount of poison in your body!
* * * LOW HITPOINT WARNING * * *
You feel sick.
You die...

.............###.#.#
##........#..###.#.#
#########
##........#....#.#.#
#.......#
##........##.#.#.#.#
#.###.###
#####............#.###.# #.#
# #######..........#.# #.#
#####..............#.#.###.#
....#.....#.#............#.#
###.#.....#.#.#.@###.#.#.#.#
..#.#.........##.# #.#.#.#.#
#.#.#.#.###.####.###.#.#.#.#
#.#.#...# #.#....#...#.#...#
..#.##### #.#.####.###.#.###
#.......###!#.# #.# #.#.#
'.......'...#.# #.# #.###
#.......#####.# #.# #.#
#.......# #.# #.# #.#


There were no monsters in sight!

Vanquished Creatures
  Eustachio (D:4)
  A water moccasin (D:5)
  A black bear (D:5)
  2 phantoms (D:4)
  2 bullfrogs (Sewer)
  Crazy Yiuf (D:2)
  2 hounds (D:4)
  An orc priest (D:4)
  An iguana (D:4)
  Terence (D:3)
  3 orc wizards
  9 adders
  3 gnolls (D:5)
  A worm (D:4)
  A dart slug (D:4)
  6 orcs
  8 endoplasms
  10 giant cockroaches
  5 goblins
  6 hobgoblins
  4 jackals (D:1)
  5 kobolds
  18 quokkas
  12 ball pythons
  7 bats
  5 frilled lizards
  9 rats
125 creatures vanquished.

Vanquished Creatures (collateral kills)
  An ogre (D:5)
  2 adders
  A gnoll (D:5)
  3 dart slugs
  An orc (D:4)
  8 endoplasms
  6 giant cockroaches
  2 ball pythons
  2 frilled lizards (Sewer)
  A goblin (D:1)
27 creatures vanquished.

Vanquished Creatures (others)
  Sigmund (D:4)
1 creature vanquished.

Grand Total: 153 creatures vanquished

Notes
Turn   | Place    | Note
-------+----------+-------------------------------------------
     0 | D:1      | jtron the Vine Stalker Necromancer began the quest for the
                  | Orb.
     0 | D:1      | Reached XP level 1. HP: 9/9 MP: 4/4
   103 | D:1      | Reached XP level 2. HP: 13/13 MP: 4/6
   177 | D:1      | Found a faded altar of an unknown god.
   440 | D:1      | Reached XP level 3. HP: 16/16 MP: 2/7
   444 | D:1      | Learned a level 3 spell: Vampiric Draining
   931 | D:2      | Reached skill level 5 in Necromancy
   931 | D:2      | Gained mutation: Your natural rate of healing is unusually
                  | fast. [Vine Stalker growth]
   931 | D:2      | Reached XP level 4. HP: 15/21 MP: 0/8
  1634 | D:2      | Found a runed translucent door.
  1635 | D:2      | Noticed Crazy Yiuf
  1644 | D:2      | Killed Crazy Yiuf
  1646 | D:2      | Identified the +10 hammer of Honour {freeze, Dex+3}
  1822 | D:3      | Noticed Terence
  1832 | D:3      | Killed Terence
  1833 | D:3      | Reached XP level 5. HP: 24/24 MP: 4/10
  2389 | D:4      | Noticed Eustachio
  2509 | D:4      | Noticed a phantom
  2518 | D:4      | Killed a phantom
  2519 | D:4      | Reached skill level 1 in Maces & Flails
  2525 | D:4      | Reached XP level 6. HP: 28/28 MP: 12/12
  2724 | D:4      | Found a glowing drain.
  2749 | Sewer    | Entered a sewer
  3139 | Sewer    | Reached XP level 7. HP: 25/32 MP: 3/14
  3142 | Sewer    | Reached skill level 1 in Ice Magic
  3389 | D:4      | Learned a level 4 spell: Animate Dead
  3393 | D:4      | Learned a level 3 spell: Frozen Ramparts
  3397 | D:4      | Learned a level 3 spell: Hailstorm
  3790 | D:4      | Reached skill level 5 in Spellcasting
  3851 | D:4      | Noticed Sigmund
  3860 | D:4      | Killed Sigmund
  3861 | D:4      | Gained mutation: You have razor-sharp teeth. [Vine Stalker
                  | growth]
  3861 | D:4      | Reached XP level 8. HP: 33/37 MP: 7/16
  3874 | D:4      | Killed Eustachio
  3875 | D:4      | Reached skill level 1 in Conjurations
  4113 | D:5      | Entered Level 5 of the Dungeon
  4123 | D:5      | Found a stormy altar of Qazlal.
  4733 | D:5      | Reached skill level 1 in Fighting
  5006 | D:5      | HP: 1/37 [poisoned by a water moccasin]
  5008 | D:5      | Succumbed to a water moccasin's poison

Illustrated notes

Levels and vault maps discovered:
D:1:      wheals_arrival_shading, layout_rooms, chequers_ecumenical_altar_island
D:2:      layout_basic, uniq_crazy_yiuf_cottage
D:3:      layout_loops_cross, uniq_terence
D:4:      layout_cave_pods, portal_sewer_entry_f, uniq_sigmund, uniq_eustachio
D:5:      layout_basic, general_overflow_altar
D:6:      layout_loops_cross, lemuel_tele_altar, minmay_temple_entry_waves,
          sigmund_army

Skill      XL: |  1  2  3  4  5  6  7  8 |
---------------+-------------------------+-----
Necromancy     | 5 6 |  6.2
Spellcasting   | 3 4 5 6 |  6.0
Maces & Flails | 1 2 3 |  3.7
Stealth        | 3 |  3.7
Dodging        | 2 |  2.5
Ice Magic      | 2 3 |  3.0
Conjurations   | 2 |  2.0
Fighting       | 1 |  1.1
Short Blades   | |  0.7
Evocations     | |  0.4

Action                     |  1- 3 |  4- 6 |  7- 9 || total
---------------------------+-------+-------+-------++-------
  Melee: Dagger            |    17 |       |       ||    17
         Bite              |     7 |    15 |     6 ||    28
         Mace              |    12 |    81 |    52 ||   145
         Punch             |       |     1 |     1 ||     2
   Cast: Necrotise         |    33 |    75 |    27 ||   135
         Animate Dead      |       |       |     5 ||     5
  Evoke: Wand              |       |     1 |     2 ||     3
    Use: Scroll            |       |     7 |     7 ||    14
         Potion            |       |       |     2 ||     2
   Stab: Sleeping          |     2 |     5 |       ||     7
 Armour: Robe              |    15 |    44 |    35 ||    94
  Dodge: Dodged            |    27 |    80 |    86 ||   193
